 Dungeon Crawl Stone Soup version 0.30-a0-335-ge5acde7520 (webtiles) character file.

Game seed: 1926748703662675411

4094 Lanoc the Martial Artist (level 10, -3/84 HPs)
             Began as a Meteoran Transmuter on Oct 30, 2022.
             Was a Follower of Ru.
             Slain by an orc warrior
             ... wielding a +3 trident
              (7 damage)
             ... on level 9 of the Dungeon.
             The game lasted 00:21:11 (2909 turns).

Lanoc the Martial Artist (Meteoran Transmuter)      Turns: 2909, Time: 00:21:11

Health: -3/84      AC:  2    Str: 11    XL:     10   Next: 79%
Magic:  15/15      EV: 26    Int: 18    God:    Ru [*.....]
Gold:   251        SH:  0    Dex: 22    Spells: 8/14 levels left

rFire   + . .      SeeInvis .      - Unarmed
rCold   + . .      Faith    .    (shield currently unavailable)
rNeg    . . .      Spirit   .    (body armour currently unavailable)
rPois   x          Reflect  .    (helmet currently unavailable)
rElec   .          Harm     .    (cloak currently unavailable)
rCorr   .          Rampage  .    (gloves currently unavailable)
Will    +....                    (boots currently unavailable)
Stlth   +.........               (no amulet)
HPRegen 0.34/turn                u - ring of protection from cold
MPRegen 0.14/turn                b - ring of protection from fire

@: spider-form, wereblooded, flying, glowing
A: venomous fangs, tiny, sense surroundings 2, inability to train armour,
otherworldly, glowing, explore regen
a: End Transformation, Renounce Religion


You were on level 9 of the Dungeon.
You worshipped Ru.
Ru was aware of your devotion.
You were a venomous arachnid creature.
You visited 1 branch of the dungeon, and saw 9 of its levels.

You collected 251 gold pieces.

Inventory:

Missiles
 t - 21 poisoned darts
Armour
 d - a +2 robe of the Archmagi (melded)
 o - a +2 pair of gloves (melded)
Jewellery
 b - a ring of protection from fire (right front leg)
 u - a ring of protection from cold (left front leg)
Wands
 p - a wand of flame (6)
Scrolls
 c - a scroll of fear {unknown}
 f - 2 scrolls of enchant weapon
 g - 6 scrolls of poison {unknown}
 h - a scroll of vulnerability {unknown}
 i - 3 scrolls of immolation {unknown}
 j - 3 scrolls of teleportation {unknown}
 k - a scroll of noise {unknown}
 l - 4 scrolls of amnesia
 n - 2 scrolls of identify {unknown}
 r - 2 scrolls of magic mapping {unknown}


   Skills:
 + Level 6.5 Fighting
 + Level 7.4 Dodging
 * Level 10.7 Unarmed Combat
 - Level 2.6 Spellcasting
 * Level 10.3 Transmutations


You had 8 spell levels left.
You knew the following spells:

 Your Spells              Type           Power      Damage    Failure   Level
a - Beastly Appendage     Tmut           78%        N/A       2%          1
b - Wereblood             Tmut           39%        N/A       3%          2
c - Spider Form           Tmut/Pois      21%        N/A       17%         3

Your spell library contained the following spells:

 Spells                   Type           Power      Damage    Failure   Level
 Ice Form                 Ice/Tmut       21%        N/A       41%         4
 Dazzling Flash           Conj/Hex       4%         N/A       67%         3
 Statue Form              Tmut/Erth      14%        N/A       99%         6
 Agony                    Necr           2%         N/A       100%        5
 Borgnjor's Vile Clutch   Necr/Erth      1%         N/A       100%        5
 Silence                  Hex/Air        1%         N/A       100%        5
 Shatter                  Erth           1%         3d5*      100%        9


Dungeon Overview and Level Annotations

Branches:
Dungeon (9/15) Zot: 2504     Lair (0/5) D:8
 Temple: D:4-7          Orc: D:9-12

Altars:
Ashenzari
Nemelex Xobeh
Ru
Sif Muna
Xom
Yredelemnul
Zin
The Shining One

Shops:
D:5 [   D:8 [


Innate Abilities, Weirdness & Mutations

You are a venomous arachnid creature.
You have poisonous fangs.
You are tiny and dextrous.
Your spellcasting is less reliable in this form.
Your armour is entirely melded.
You are incapable of wielding weapons or throwing items.
You passively map the area around you.
You cannot train Armour skill.
You are easily found by Zot.
You glow in the dark.
You regain HP and MP as you explore.


Message History

You hiss as the wereblood boils in your veins!
The yak attacks as you move away!
The yak is stunned by your conviction and fails to attack.
The yak attacks as you move away! The yak gores you!
* * * LOW HITPOINT WARNING * * *
The yak attacks as you move away! The yak misses you.
The yak attacks as you move away! The yak misses you.
You hit the yak.
The yak is moderately wounded.
You hit the yak.
The yak is poisoned.
The yak is heavily wounded.
The yak gores you!
* * * LOW HITPOINT WARNING * * *
You bite the yak!
The yak is severely wounded.
The yak completely misses you.
You bite the yak!
You feel a bit better.
You kill the yak!
You hit the yak.
The yak is lightly wounded.
The orc warrior hits you from afar with a +3 trident!
* * * LOW HITPOINT WARNING * * *
The yak completely misses you.
You feel better. The orc warrior closely misses you.
The yak completely misses you.
It was a potion of flight.
You feel very buoyant.
You fly up into the air.
The orc warrior hits you from afar with a +3 trident!
* * * LOW HITPOINT WARNING * * *
The yak barely misses you.
You feel better. The orc warrior completely misses you. The yak gores you!
* * * LOW HITPOINT WARNING * * *
You completely miss the yak. You hit the yak but do no damage.
The yak is poisoned.
The orc warrior misses you. The yak barely misses you.
You bite the yak!
The yak looks as sick as possible!
The yak is lightly wounded.
The orc warrior hits you from afar with a +3 trident!
You die...

* ,. ,...#* #.# *
, * ###. #..# #.#
##. * ,, ....#..#
#.# #..> ,,
*,#..#..#####<#..#
, #...........).#
*<* ,
#.#.<.....)..# *,*
, *, ,
#..oY..o....$# , *
, ###Y#####...#.#
* ** , , * #s#
##.###.., **, ,*
#.# * #.# *#.# * *
, ... #.# *.# *
##.## #.# ,# , * ,
... , .. ,,* , , *
#.# * * ,, ..# ,
***###


You could see 2 yaks and an orc warrior.

Vanquished Creatures
  Pikel (D:8)
  An elephant (D:8)
  A wraith (D:7)
  A basilisk (D:8)
  A yak (D:9)
  A wyvern (D:8)
  2 water moccasins
  An orc warrior (D:8)
  2 ice beasts (D:7)
  2 black bears
  An ogre (D:5)
  3 centaurs
  2 lemures (D:8)
  A kobold brigand (D:6)
  6 bullfrogs
  2 necrophages
  2 scorpions (D:5)
  5 wights
  3 howler monkeys
  A jelly (D:7)
  3 hounds
  6 orc priests
  An iguana (D:7)
  9 orc wizards
  Robin (D:4)
  3 adders
  A shadow imp (D:6)
  A white imp (D:6)
  An ufetubus (D:5)
  2 worms
  A dart slug (D:5)
  17 orcs
  3 ball pythons
  A bat (D:1)
  An endoplasm (D:4)
  A giant cockroach (D:2)
  11 goblins
  4 hobgoblins
  4 jackals (D:2)
  A quokka (D:4)
  A frilled lizard (D:2)
  10 kobolds
  2 rats (D:2)
124 creatures vanquished.

Vanquished Creatures (others)
  An orc (D:8)
  A plant (D:8)
2 creatures vanquished.

Grand Total: 126 creatures vanquished

Notes
Turn   | Place    | Note
-------+----------+-------------------------------------------
     0 | D:1      | Lanoc the Meteoran Transmuter began the quest for the Orb.
     0 | D:1      | Reached XP level 1. HP: 16/16 MP: 5/5
   132 | D:1      | Reached XP level 2. HP: 23/23 MP: 4/6
   259 | D:2      | Reached XP level 3. HP: 25/28 MP: 6/8
   547 | D:3      | Noticed an angel
   548 | D:3      | Found a glowing silver altar of Zin.
   551 | D:3      | Found a shimmering altar of Xom.
   614 | D:3      | Found a sparkling altar of Nemelex Xobeh.
   618 | D:3      | Learned a level 2 spell: Wereblood
   719 | D:3      | Noticed a black bear
   731 | D:3      | Killed a black bear
   732 | D:3      | Reached XP level 4. HP: 36/36 MP: 9/9
   732 | D:3      | Reached XP level 5. HP: 41/41 MP: 10/10
   830 | D:4      | Reached skill level 5 in Unarmed Combat
   969 | D:4      | Noticed Robin
   978 | D:4      | Found a basalt altar of Yredelemnul.
   979 | D:4      | Killed Robin
   983 | D:4      | Reached XP level 6. HP: 42/49 MP: 11/11
   987 | D:4      | Found a shimmering blue altar of Sif Muna.
  1072 | D:5      | Entered Level 5 of the Dungeon
  1119 | D:5      | Noticed an ogre
  1128 | D:5      | Killed an ogre
  1129 | D:5      | Reached skill level 5 in Transmutations
  1129 | D:5      | Reached XP level 7. HP: 31/57 MP: 8/12
  1248 | D:5      | Learned a level 3 spell: Spider Form
  1252 | D:5      | Found Ystrireco's Armour Emporium.
  1363 | D:5      | Noticed a water moccasin
  1374 | D:5      | Killed a water moccasin
  1375 | D:5      | Reached XP level 8. HP: 25/63 MP: 13/13
  1553 | D:5      | Found a sacrificial altar of Ru.
  1556 | D:5      | Became a worshipper of Ru the Awakened
  1738 | D:6      | Found a broken altar of Ashenzari.
  1779 | D:6      | Reached skill level 5 in Dodging
  1863 | D:7      | Gained mutation: You passively map the area around you.
                  | [Meteoran growth]
  1863 | D:7      | Reached XP level 9. HP: 54/72 MP: 11/14
  2044 | D:7      | Reached skill level 5 in Fighting
  2253 | D:7      | Gained mutation: You cannot train Armour skill. [Ru
                  | sacrifice]
  2253 | D:7      | Reached * piety under Ru
  2280 | D:7      | Got the Collected Works on Silt
  2325 | D:7      | Found a glowing golden altar of the Shining One.
  2455 | D:8      | Found Zauky's Antique Armour Emporium.
  2459 | D:8      | Reached XP level 10. HP: 81/81 MP: 10/15
  2482 | D:8      | Noticed Pikel
  2496 | D:8      | Killed Pikel
  2497 | D:8      | Reached skill level 10 in Unarmed Combat
  2499 | D:8      | Noticed an elephant
  2506 | D:8      | Killed an elephant
  2507 | D:8      | Reached skill level 10 in Transmutations
  2590 | D:8      | HP: 3/83 [black bear (3)]
  2609 | D:8      | Found a staircase to the Lair.
  2903 | D:9      | HP: 4/84 [orc warrior/+3 trident (10)]
  2909 | D:9      | Slain by an orc warrior

Illustrated notes

Levels and vault maps discovered:
D:1:      dpeg_arrival_rhombi, layout_loops_ring,
          shapermc_ecumenical_altar_totnotflames
D:2:      minmay_angry_zag, layout_rooms, roderic_st_hans_cross,
          palyth_stone_intersect
D:3:      layout_basic, grunt_temple_overflow_order_and_chaos_1,
          nicolae_uskayaw_suspiria, nemelex_diamond_rough_becter,
          ebering_ghost_sewer_d, st_stairs_8
D:4:      layout_loops_ring, mainiacjoe_overflow_large_starburst,
          mainiacjoe_overflow_alcove_4, serial_rivers,
          chequers_serial_rivers_small_a, chequers_serial_rivers_micro_b,
          chequers_serial_rivers_micro_c, chequers_serial_rivers_small_b,
          chequers_serial_rivers_micro_c, chequers_serial_rivers_micro_d,
          uniq_robin, uniq_eustachio, uniq_menkaure
D:5:      layout_basic, kennysheep_mini_moat, nicolae_inconvenience_store
D:6:      kennysheep_spiral_hall, layout_gridville,
          mainiacjoe_overflow_six_doors_small, mainiacjoe_overflow_24_doors,
          minmay_temple_entry_offerings
D:7:      minmay_flawed_box, layout_gridville, mainiacjoe_overflow_alcove_2
D:8:      layout_rooms, david_lair_generic, serial_shops,
          nicolae_shop_advertising_works [nicolae_subvault_shop_adworks],
          uniq_pikel
D:9:      layout_loops_ring, elyvilon_altar_1, uniq_harold

Skill      XL: |  1  2  3  4  5  6  7  8  9 10 |
---------------+-------------------------------+-----
Unarmed Combat | 4 5 6 7 9 10 | 10.7
Transmutations | 4 5 7 8 10 | 10.3
Fighting       | 2 3 4 5 6 |  6.5
Dodging        | 3 4 5 6 7 |  7.4
Spellcasting   | |  2.6

Action                   |  1- 3 |  4- 6 |  7- 9 | 10-12 || total
-------------------------+-------+-------+-------+-------++-------
Melee: Unarmed           |    65 |    73 |   217 |    79 ||   434
       Kick              |    17 |    23 |    58 |     1 ||    99
       Headbutt          |     5 |    13 |    34 |     1 ||    53
       Punch             |       |     2 |    13 |       ||    15
Throw: Dart              |       |       |     1 |       ||     1
 Cast: Beastly Appendage |    13 |     7 |    27 |     3 ||    50
       Wereblood         |       |     2 |    10 |     2 ||    14
       Spider Form       |       |       |     2 |     3 ||     5
Invok: Sacrifice Durabil |       |       |     1 |       ||     1
Evoke: Wand              |     3 |     2 |     5 |       ||    10
  Use: Scroll            |       |       |     3 |       ||     3
       Potion            |       |       |     8 |     6 ||    14
 Stab: Paralysed         |     7 |     4 |       |       ||    11
Armor: Robe              |     6 |     6 |    35 |     2 ||    49
       Skin              |       |       |     5 |     3 ||     8
Dodge: Dodged            |    19 |    39 |   139 |    80 ||   277

Table legend: (Time is in decaauts)
 A = Elapsed time spent in this place.
 B = Non-inter-level travel time spent in this place.
 C = Inter-level travel time spent in this place.
 D = Time resting spent in this place.
 E = Time spent auto-exploring this place.
 F = Levels seen in this place.
 G = Mean time per level.
                   A        B        C        D        E       F      G
               +--------+--------+--------+--------+--------+-----+--------+
         Total |   2894 |   1997 |    897 |     30 |    636 |   9 |  321.6 |
       Dungeon |   2894 |   1997 |    897 |     30 |    636 |   9 |  321.6 |
               +--------+--------+--------+--------+--------+-----+--------+

Top non-repeatable levels by time:
     D:7: 623 daAuts
     D:5: 496 daAuts
     D:8: 418 daAuts
     D:3: 394 daAuts
     D:2: 276 daAuts
     D:6: 265 daAuts
     D:4: 248 daAuts
     D:1: 142 daAuts
     D:9: 28 daAuts
